 Dungeon Crawl Stone Soup version 0.23.2-33-g5129a83184 (webtiles) character file.

Game seed: 17578248085189214665

125 mishael the Poker (level 5, -3/42 HPs)
             Began as a Merfolk Fighter on July 28, 2019.
             Slain by an orc wizard
             ... wielding a +3 dagger of speed
              (4 damage)
             ... on level 3 of the Dungeon.
             The game lasted 00:06:31 (2351 turns).

mishael the Poker (Merfolk Fighter)                 Turns: 2351, Time: 00:06:32

Health: -3/42      AC:  6    Str: 23    XL:     5   Next: 9%
Magic:  5/5        EV:  7    Int:  7    God:
Gold:   90         SH: 10    Dex: 13    Spells: 4/4 levels left

rFire    + . .     SeeInvis .   a - +0 trident
rCold    + . .     Gourm    .   c - +0 shield
rNeg     . . .     Faith    .   b - +0 scale mail
rPois    +         Spirit   .   (no helmet)
rElec    +         Reflect  .   (no cloak)
rCorr    +         Harm     .   (no gloves)
MR       .....                  (no boots)
Stlth    ..........             (no amulet)
HPRegen  0.14/turn              (no ring)
MPRegen  0.09/turn              (no ring)

@: mighty, resistant
A: change form in water, swift swim, stealthy swim
a: no special abilities


You were on level 3 of the Dungeon.
You were hungry.

You visited 1 branch of the dungeon, and saw 3 of its levels.

You collected 90 gold pieces.

Inventory:

Hand Weapons
 a - a +0 trident (weapon)
Armour
 b - a +0 scale mail (worn)
 c - a +0 shield (worn)
Jewellery
 e - a +2 amulet of reflection
 i - an uncursed ring of poison resistance {unknown}
 m - an uncursed amulet of rage {unknown}
Scrolls
 g - a scroll of enchant weapon {unknown}
 j - a scroll of teleportation {unknown}
 k - 5 scrolls of identify
 l - 3 scrolls of remove curse {unknown}
 n - 3 scrolls of blinking {unknown}
 o - a scroll of noise {unknown}
 q - a scroll of magic mapping {unknown}
Potions
 d - a potion of might
 p - a potion of magic
Comestibles
 f - 8 rations


   Skills:
 + Level 4.1 Fighting
 * Level 5.4 Polearms
 - Level 2.2 Armour
 + Level 3.8 Shields


You had 4 spell levels left.
You didn't know any spells.
Your spell library was empty.

Dungeon Overview and Level Annotations

Branches:
Dungeon (3/15)

Altars:
Fedhas
Okawaru
Sif Muna
Uskayaw
Xom


Message History

The orc wizard completely misses you. You block the orc's attack.
The orc hits you with a +0 dagger.
The orc priest mumbles some strange prayers to Beogh against you.
Beogh smites you!
* * * LOW HITPOINT WARNING * * *
You block the orc wizard's attack.
Items here: ( )) † a javelin; a +0 club; a +0 halberd; a gnoll corpse The orc wizard hits you but does no damage.
You block the orc wizard's attack.
You see here a scroll of identify.
You closely miss the orc wizard.
The orc wizard is heavily wounded.
You block the orc wizard's attack.
You puncture the orc wizard!
The orc wizard is almost dead.
You block the orc wizard's attack. The orc hits you but does no damage.
Unknown command.
The orc wizard hits you with a +3 dagger of speed.
You die...

##########################
....gg.g.................#
.#######################'####
.########## #.......#
...^......######## #...g...#
...............o.# #.......#
#.............oo.# ####g####
#########..))o.?@# #.#
##########'#############g####
................g.g........>#
###..8..###.###########.#####
....8_8.# #..# #.# ###g.8..#
##.# #.# #....)# .. ..#
#..#### #.# ..# ##.# .# ...#


You could see an orc priest, an orc wizard and 2 orcs.

Vanquished Creatures
  3 gnolls (D:3)
  2 adders
  An ooze (D:3)
  2 worms (D:2)
  4 dart slugs
  5 orcs (D:3)
  3 ball pythons
  2 giant cockroaches (D:1)
  4 hobgoblins
  6 kobolds
  2 quokkas (D:2)
  5 bats
  2 frilled lizards
  9 goblins
  6 rats
56 creatures vanquished.

Notes
Turn   | Place    | Note
-------+----------+-------------------------------------------
     0 | D:1      | mishael the Merfolk Fighter began the quest for the Orb.
     0 | D:1      | Reached XP level 1. HP: 18/18 MP: 1/1
   287 | D:1      | Reached XP level 2. HP: 22/24 MP: 2/2
   606 | D:1      | Reached XP level 3. HP: 21/29 MP: 3/3
  1050 | D:2      | Found a deep blue altar of Sif Muna.
  1068 | D:2      | Reached skill level 4 in Polearms
  1618 | D:2      | Found a hide-covered altar of Uskayaw.
  1619 | D:2      | Found a blossoming altar of Fedhas.
  1624 | D:2      | Reached XP level 4. HP: 37/37 MP: 4/4
  1685 | D:2      | Found a shimmering altar of Xom.
  1685 | D:2      | Found an iron altar of Okawaru.
  2011 | D:3      | Reached skill level 5 in Polearms
  2177 | D:3      | Found a faded altar of an unknown god.
  2272 | D:3      | Reached XP level 5. HP: 29/42 MP: 5/5
  2345 | D:3      | HP: 1/42 [orc priest/divine providence (16)]
  2351 | D:3      | Slain by an orc wizard

Skill      XL: |  1  2  3  4 |
---------------+-------------+-----
Polearms       | 4 5 |  5.4
Fighting       | 4 |  4.1
Armour         | |  2.2
Shields        | |  3.8

Action                   |  1- 3 |  4- 6 || total
-------------------------+-------+-------++-------
Melee: Trident           |   145 |    86 ||   231
  Use: Potion            |     1 |     2 ||     3
       Scroll            |     1 |       ||     1
  Eat: Chunk             |     2 |     2 ||     4
Armor: Scale mail        |    45 |    22 ||    67
Dodge: Dodged            |    21 |    30 ||    51
Block: Shield            |    53 |    53 ||   106
